 Dungeon Crawl Stone Soup version 0.31.0-11-ge490571c62 (webtiles) character file.

Game seed: 6560613226021638083

88 LabCoat the Trooper (level 4, 0/40 HPs)
             Began as a Hill Orc Fighter on Feb 7, 2024.
             Incinerated by a bombardier beetle (3 damage)
             ... with a burning spray
             ... on level 3 of the Dungeon.
             The game lasted 00:04:46 (1878 turns).

LabCoat the Trooper (Hill Orc Fighter)              Turns: 1878, Time: 00:04:46

Health: 0/40       AC:  7    Str: 20    XL:     4   Next: 53%
Magic:  4/4        EV:  9    Int:  8    God:
Gold:   48         SH:  5    Dex: 16    Spells: 3/3 levels left

rFire   . . .        a - +4 hand axe
rCold   . . .        c - +0 buckler
rNeg    . . .        q - +0 scale mail
rPois   .            (no helmet)
rElec   .            (no cloak)
rCorr   .            (no gloves)
SInv    .            (no boots)
Will    .....        (no amulet) Stlth
                     o - +6 ring of dexterity
HPRegen 0.26/turn    (no ring)
MPRegen 0.09/turn

%: no passive effects
@: on fire, glowing
A: no striking features
a: no special abilities


You were on level 3 of the Dungeon.
You visited 1 branch of the dungeon, and saw 3 of its levels.

You collected 48 gold pieces.

Inventory:

Hand Weapons
 a - a +4 hand axe (weapon)
 b - a +0 sling
 e - a +0 war axe
Armour
 c - a +0 buckler (worn)
 q - a +0 scale mail (worn)
Jewellery
 o - a +6 ring of dexterity (left hand)
Scrolls
 g - a scroll of fear {unknown}
 h - 2 scrolls of enchant weapon
 j - a scroll of fog
 k - a scroll of identify {unknown}
 p - a scroll of acquirement {unknown}
Potions
 d - 5 potions of might
 f - a potion of ambrosia {unknown}
 i - 2 potions of curing {unknown}
 l - a potion of haste {unknown}
 m - 2 potions of lignification {unknown}
 n - a potion of cancellation {unknown}
 r - a potion of brilliance {unknown}


   Skills:
 * Level 4.1 Fighting
 * Level 3.6 Axes
 + Level 0.4 Ranged Weapons
 + Level 0.8 Throwing
 * Level 3.9 Armour
 + Level 0.4 Dodging
 + Level 3.4 Shields
 * Level 1.2 Evocations


You had 3 spell levels left.
You didn't know any spells.
Your spell library was empty.

Dungeon Overview and Level Annotations

Branches:
Dungeon (3/15)

Altars:


Message History

Press: ? - help, Q - select action Shift-Dir - straight line, f/p - bombardier beetle
Aim: a bombardier beetle (moderately wounded, 70% to hit)
You shoot a sling bullet.
The sling bullet hits the bombardier beetle.
The bombardier beetle is heavily wounded.
The liquid fire burns you!
Fire: b) +0 sling
Press: ? - help, Q - select action Shift-Dir - straight line, f/p - bombardier beetle
Aim: a bombardier beetle (heavily wounded, 70% to hit)
You shoot a sling bullet.
The sling bullet barely misses the bombardier beetle.
The liquid fire burns you!
The bombardier beetle sprays incendiary fluid at you.
The burning spray misses you.
Fire: b) +0 sling
Press: ? - help, Q - select action Shift-Dir - straight line, f/p - bombardier beetle
Aim: a bombardier beetle (heavily wounded, 70% to hit)
You shoot a sling bullet.
The sling bullet barely misses the bombardier beetle.
The liquid fire burns you!
a - a +4 hand axe (weapon)
The liquid fire burns you!
You are too injured to fight recklessly!
You shake off some of the fire as you move.
The liquid fire burns you!
* * * LOW HITPOINT WARNING * * *
You barely miss the bombardier beetle.
The bombardier beetle is heavily wounded.
The liquid fire burns you!
* * * LOW HITPOINT WARNING * * *
The bombardier beetle sprays incendiary fluid at you.
The burning spray hits you.
You are even more covered in liquid fire!
You slash the bombardier beetle!
You kill the bombardier beetle!
The liquid fire burns you!
* * * LOW HITPOINT WARNING * * *
You shake off some of the fire as you move.
The liquid fire burns you!
You die...

################
.......<.......#
.#############.#
#.# #@# #.#
#........
#.#.##### ......
#.. ...
...#..... ..?.
#... .#.. #..


There were no monsters in sight!

Vanquished Creatures
  A bombardier beetle (D:3)
  An adder (D:2)
  2 dart slugs
  4 ball pythons
  9 endoplasms
  3 goblins (D:2)
  A hobgoblin (D:2)
  4 jackals (D:1)
  2 quokkas
  7 bats
  3 frilled lizards
  3 kobolds
  2 rats (D:1)
42 creatures vanquished.

Notes
Turn   | Place    | Note
-------+----------+-------------------------------------------
     0 | D:1      | LabCoat the Hill Orc Fighter began the quest for the Orb.
     0 | D:1      | Reached XP level 1. HP: 19/19 MP: 1/1
   124 | D:1      | Reached XP level 2. HP: 25/27 MP: 2/2
   797 | D:1      | Reached XP level 3. HP: 32/33 MP: 3/3
  1306 | D:2      | Reached skill level 4 in Fighting
  1306 | D:2      | Reached skill level 1 in Evocations
  1692 | D:2      | Reached XP level 4. HP: 40/40 MP: 4/4
  1877 | D:3      | HP: 2/40 [burnt (5)]
  1878 | D:3      | Incinerated by a bombardier beetle

Illustrated notes

Levels and vault maps discovered:
D:1:      minmay_arrival_four_loops, layout_loops_corners, minmay_pentomino_v2
D:2:      layout_loops_corners, corexii_hall_statues_deadend
D:3:      layout_loops_ring, gammafunk_ghost_split, minmay_increasing_density,
          uniq_ijyb

Skill      XL: |  1  2  3 |
---------------+----------+-----
Axes           | 3 |  3.6
Fighting       | 4 |  4.1
Evocations     | 1 |  1.2
Ranged Weapons | |  0.4
Throwing       | |  0.8
Armour         | |  3.9
Dodging        | |  0.4
Shields        | |  3.4

Action                     |  1- 3 |  4- 6 || total
---------------------------+-------+-------++-------
  Melee: Hand axe          |    85 |     2 ||    87
   Fire: Sling             |     8 |     5 ||    13
    Use: Scroll            |     2 |       ||     2
 Armour: Scale mail        |    54 |       ||    54
  Dodge: Dodged            |    29 |     1 ||    30
  Block: Buckler           |    21 |       ||    21
